 Dungeon Sprint DCSS version bcrawl-1.19.2-6-g6a88ae04c9 (webtiles) character file.

Game seed: 10736451530555396503

1632 Freyura the Brawler (level 8, -7/93 HPs)
             Began as a Troll Fighter on Jan 5, 2020.
             Was an Initiate of Ru.
             Mangled by a vampire (11 damage)
             ... in the Dungeon (Sprint IX: "|||||||||||||||||||||||||||||").
             The game lasted 00:03:35 (273 turns).

Freyura the Brawler (Troll Fighter)                  Turns: 273, Time: 00:03:36

Health: -7/93      AC:  9    Str: 25    XL:     8   Next: 66%
Magic:  7/7        EV: 10    Int:  5    God:    Ru [......]
Gold:   0          SH:  8    Dex: 11    Spells: 7/7 levels left

rFire    . . .     SeeInvis .     - Unarmed
rCold    . . .     Gourm    +   a - +0 shield
rNeg     . . .     Faith    .   (armour unavailable)
rPois    .         Spirit   .   (helmet restricted)
rElec    .         Reflect  .   (no cloak)
rCorr    .         Harm     .   (gloves unavailable)
MR       .....     NoTele   +   (boots unavailable)
Stlth    ..........             (no amulet)
HPRegen  0.65/turn              o - +2 ring of evasion
MPRegen  0.10/turn              n - +2 ring of protection

@: lethally poisoned (-7 -> -20)
A: large, almost no armour, unfitting armour, claws 3, fast metabolism 3,
gourmand, regeneration 1, no stealth, AC +7
a: Renounce Religion


You were in the Dungeon.
You worshipped Ru.
Ru was noncommittal.
You were completely stuffed.

You visited 1 branch

Inventory:

Armour
 a - a +0 shield (worn)
Jewellery
 n - a +2 ring of protection (right claw)
 o - a +2 ring of evasion (left claw)
Wands
 m - a wand of acid (10)
Scrolls
 i - 2 scrolls of blinking
 k - 3 scrolls of remove curse
 l - 2 scrolls of amnesia
Potions
 b - a potion of might
 d - 5 potions of curing
 e - a potion of invisibility
 f - a potion of haste
 g - 4 potions of magic
 j - a potion of heal wounds
Comestibles
 c - 2 rations {!d}


   Skills:
 + Level 9.9 Fighting
 - Level 2.4 Dodging
 - Level 2.0 Shields
 * Level 15.1 Unarmed Combat


You had 7 spell levels left.
You didn't know any spells.
Your spell library was empty.

Dungeon Overview and Level Annotations

Branches:
Dungeon (1/1)

Altars:
Cheibriados
Dithmenos
Elyvilon
Fedhas
Gozag
Hepliaklqana
Kikubaaqudgha
Lugonu
Makhleb
Nemelex Xobeh
Okawaru
Qazlal
Ru
Sif Muna
Trog
Uskayaw
Vehumet
Wu Jian
Xom
Yredelemnul
Zin
The Shining One
Beogh
Jiyva


Innate Abilities, Weirdness & Mutations

You cannot wear most types of armour.
Your thick skin is tough. (AC +7)
You are too large for most types of armour.
You have claws for hands.
Your metabolism is lightning-fast.
You like to eat raw meat.
Your natural rate of healing is unusually fast.
You cannot be stealthy.


Message History

* * * LOW HITPOINT WARNING * * *
You closely miss something.
You feel sick.
You hear some strange, mumbled words.
A bolt of poison appears from out of thin air!
The bolt of poison hits you!
You are more poisoned.
* * * LOW HITPOINT WARNING * * *
You mangle something!!
Reactivating autopickup.
Your Unarmed Combat skill gained 2 levels and is now at level 15!
You feel a bit more experienced.
* * * LOW HITPOINT WARNING * * *
You feel sick.
Deactivating autopickup; reactivate with Ctrl-A.
You barely miss something.
* * * LOW HITPOINT WARNING * * *
You feel sick. Something hits you!
* * * LOW HITPOINT WARNING * * *
Something bites you!
You die... ▓▓▓▓▓▓▓▓▓▓▓▓▓▓▓▓▓▓▓▓▓▓▓▓ ..|)[[[..'.(....@[yC...+ ▓▓▓▓▓▓▓▓▓▓▓▓▓▓▓▓▓▓▓▓▓▓▓▓

You could see a cyclops and a vampire mosquito.

Vanquished Creatures
  An ogre mage (D)
  An ugly thing (D)
  A slime creature (D)
  A hippogriff (D)
  A big kobold (D)
  A killer bee (D)
  2 hounds (D)
  2 worker ants (D)
  2 shadow imps (D)
  An orc (D)
  2 giant cockroaches (D)
  A hobgoblin (D)
  A kobold (D)
  A ball python skeleton (D)
  A rat (D)
19 creatures vanquished.

Notes
Turn   | Place    | Note
-------+----------+-------------------------------------------
     0 | D        | Freyura the Troll Fighter began the quest for the Orb.
     0 | D        | Reached XP level 1. HP: 22/22 MP: 0/0
    10 | D        | Reached skill level 3 in Unarmed Combat
    18 | D        | Noticed a hound
    18 | D        | Noticed a hippogriff
    29 | D        | Killed a hound
    29 | D        | Reached skill level 5 in Unarmed Combat
    29 | D        | Reached XP level 2. HP: 32/32 MP: 1/1
    29 | D        | Reached XP level 3. HP: 39/39 MP: 2/2
    32 | D        | Killed a hippogriff
    32 | D        | Reached skill level 9 in Unarmed Combat
    32 | D        | Gained mutation: Your natural rate of healing is unusually
                  | fast. [Troll growth]
    32 | D        | Reached XP level 4. HP: 52/52 MP: 3/3
    32 | D        | Reached XP level 5. HP: 59/59 MP: 4/4
    45 | D        | Found a roughly hewn altar of Beogh.
    45 | D        | Found a snail-covered altar of Cheibriados.
    45 | D        | Found a shadowy altar of Dithmenos.
    45 | D        | Found a white marble altar of Elyvilon.
    45 | D        | Found a blossoming altar of Fedhas.
    45 | D        | Found an opulent altar of Gozag.
    46 | D        | Found a hazy altar of Hepliaklqana.
    47 | D        | Found a viscous altar of Jiyva.
    48 | D        | Found an ancient bone altar of Kikubaaqudgha.
    84 | D        | Found a corrupted altar of Lugonu.
    85 | D        | Found a burning altar of Makhleb.
    86 | D        | Found a sparkling altar of Nemelex Xobeh.
    87 | D        | Found an iron altar of Okawaru.
    88 | D        | Found a stormy altar of Qazlal.
    89 | D        | Found a sacrificial altar of Ru.
    90 | D        | Found a shimmering blue altar of Sif Muna.
    91 | D        | Found a bloodstained altar of Trog.
    92 | D        | Found a hide-covered altar of Uskayaw.
    93 | D        | Found a radiant altar of Vehumet.
    94 | D        | Found an ornate altar of the Wu Jian Council.
    95 | D        | Found a shimmering altar of Xom.
    96 | D        | Found a basalt altar of Yredelemnul.
    97 | D        | Became a worshipper of Ru the Awakened
    98 | D        | Found a glowing silver altar of Zin.
    99 | D        | Found a glowing golden altar of the Shining One.
   125 | D        | Noticed a slime creature
   134 | D        | Reached skill level 10 in Unarmed Combat
   143 | D        | Killed a slime creature
   143 | D        | Reached skill level 11 in Unarmed Combat
   143 | D        | Reached XP level 6. HP: 14/71 MP: 5/5
   156 | D        | Reached skill level 12 in Unarmed Combat
   156 | D        | Reached XP level 7. HP: 29/79 MP: 6/6
   167 | D        | Gained mutation: You cannot be stealthy. [Ru sacrifice]
   248 | D        | Noticed a brown ugly thing
   248 | D        | Noticed an ogre mage
   248 | D        | Noticed a vampire
   248 | D        | Noticed a vampire mosquito
   248 | D        | Noticed a cyclops
   258 | D        | Killed a brown ugly thing
   258 | D        | Reached skill level 13 in Unarmed Combat
   258 | D        | Reached XP level 8. HP: 72/92 MP: 7/7
   272 | D        | Killed an ogre mage
   272 | D        | Reached skill level 15 in Unarmed Combat
   273 | D        | HP: 4/93 [something (10)]
   273 | D        | Mangled by a vampire

Skill      XL: |  1  2  3  4  5  6  7  8 |
---------------+-------------------------+-----
Unarmed Combat | 5 9 11 12 13 15 | 15.1
Fighting       | 3 6 7 9 |  9.9
Dodging        | |  2.4
Shields        | |  2.0

Action                   |  1- 3 |  4- 6 |  7- 9 || total
-------------------------+-------+-------+-------++-------
Melee: Unarmed           |    20 |    34 |    32 ||    86
Invok: Sacrifice Stealth |       |       |     1 ||     1
  Use: Potion            |     2 |     1 |       ||     3
  Eat: Chunk             |       |       |     7 ||     7
Armor: Skin              |     1 |     6 |     7 ||    14
Dodge: Dodged            |     4 |     9 |     6 ||    19
Block: Shield            |     9 |     3 |     8 ||    20
